Map: Blackpink LE

Players

Kozzy - Winner!

  • Race: Protoss Protoss
  • League: Gold
  • Spawn Location: 1:00

PPO

  • Race: Zerg Zerg
  • League: Gold
  • Spawn Location: 7:00

VOD

Have the link to the VOD?

Description

Time

  • Played on: April 4, 2018, 3:49 a.m.
  • Length: 6:15
Show
View Real Time Build Order
Export as new Build Order

Kozzy Protoss - Winner!

Build Orders:  

Get SALT Encoding   

  12  0:00  Probe  
  13  0:12  Probe  
  14  0:19  Pylon  
  14  0:26  Probe  
  15  0:38  Probe (Chrono Boost)  
  15  0:42  Gateway  
  16  0:46  Assimilator  
  16  0:51  Probe (Chrono Boost)  
  17  0:59  Probe (Chrono Boost)  
  18  1:05  Probe  
  19  1:17  Probe  
  20  1:28  Assimilator  
  20  1:29  Probe (Chrono Boost)  
  20  1:31  Cybernetics Core  
  21  1:39  Pylon  
  21  1:41  Probe (Chrono Boost)  
  22  1:47  Pylon  
  22  2:01  Pylon  
  22  2:06  Gateway  
  22  2:08  Gateway  
  22  2:17  Shield Battery  
  22  2:23  Pylon  
  22  2:26  Zealot (Chrono Boost)  
  24  2:31  Warp Gate  
  24  2:35  Probe  
  25  2:46  Forge  
  25  2:57  Zealot  
  27  3:06  Pylon  
  27  3:12  Gateway  
  27  3:18  Zealot  
  29  3:23  Zealot  
  31  3:34  Protoss Ground Weapons Level 1 (Chrono Boost)  
  31  3:38  Probe  
  32  3:46  Gateway  
  32  3:48  Stalker  
  34  3:59  Photon Cannon  
  34  4:42  Zealot x5  
  44  5:05  Stalker  
  44  5:06  Stalker x3  
  52  5:07  Stalker  
  54  5:48  Pylon x2  
  52  5:51  Pylon  
  52  5:53  Pylon  
  52  5:57  Pylon  
  52  6:09  Stalker x5  
Show
View Real Time Build Order
Export as new Build Order

PPO Zerg 

Build Orders: Hatch First 

Get SALT Encoding   

  12  0:01  Drone  
  13  0:11  Drone  
  14  0:17  Overlord  
  15  0:35  Drone  
  15  0:36  Drone  
  15  0:37  Drone  
  17  0:46  Drone  
  18  1:08  Hatchery  
  18  1:10  Drone x2  
  19  1:19  Drone, Spawning Pool  
  19  1:29  Drone  
  20  1:45  Hatchery  
  20  1:47  Drone  
  20  1:51  Drone  
  20  1:52  Extractor  
  20  2:02  Drone  
  21  2:13  Overlord  
  21  2:19  Queen  
  23  2:24  Roach Warren  
  23  2:26  Drone x2  
  24  2:33  Queen  
  26  2:41  Drone x2  
  26  2:44  Drone  
  29  2:48  Drone  
  30  3:00  Drone x3  
  30  3:05  Drone  
  34  3:06  Drone  
  34  3:08  Extractor  
  34  3:11  Drone  
  35  3:14  Drone  
  35  3:15  Queen  
  35  3:19  Drone x2  
  40  3:22  Extractor  
  40  3:25  Extractor  
  38  3:28  Lair  
  38  3:36  Drone x3  
  38  3:37  Drone  
  42  3:46  Spore Crawler  
  42  3:47  Overlord  
  41  3:50  Overlord  
  41  4:05  Overlord, Queen  
  41  4:06  Overlord  
  43  4:11  Pneumatized Carapace  
  43  4:13  Drone  
  44  4:19  Drone x2  
  46  4:31  Drone x6  
  52  4:40  Drone, Hydralisk Den  
  52  4:45  Evolution Chamber  
  51  4:54  Drone x3  
  51  4:56  Roach x3  
  51  4:58  Roach  
  62  5:00  Overseer  
  62  5:03  Roach  
  62  5:06  Overlord  
  64  5:11  Roach x2  
  68  5:21  Roach x3  
  74  5:31  Hydralisk  
  74  5:32  Spine Crawler  
  74  5:35  Spine Crawler  
  67  5:36  Hydralisk  
  59  5:52  Roach  
  59  5:53  Roach x3  
Tags
 
League
GoldGold
Matchup
PvZ
Spawn Locations
Cross Positions
Add a new tag
Caveats
  • Supply blocks, unpowered buildings, or Contaminate may cause inaccurate times.
  • Supply counts are checked every 10 seconds.